 Dungeon Crawl Stone Soup version 0.31-a0-774-g0d66cbabe8 (webtiles) character file.

Game seed: 17104783585885014002

389 Aneyh the Cudgeller (level 6, -1/55 HPs)
             Began as a Tengu Monk on Sept 18, 2023.
             Succumbed to a scorpion's poison
             ... on level 5 of the Dungeon.
             The game lasted 00:03:52 (4545 turns).

Aneyh the Cudgeller (Tengu Monk)                    Turns: 4545, Time: 00:03:53

Health: -1/55      AC:  2    Str: 13    XL:     6   Next: 79%
Magic:  7/7        EV: 14    Int: 10    God:
Gold:   168        SH:  0    Dex: 17    Spells: 2/5 levels left

rFire   . . .        b - +3 short sword (vamp)
rCold   . . .        (no shield)
rNeg    . . .        f - +0 robe
rPois   .            (helmet restricted)
rElec   .            v - scarf {+Inv}
rCorr   .            (no gloves)
SInv    .            (boots unavailable)
Will    .....        (no amulet) Stlth
                     (no ring)
HPRegen 0.29/turn    (no ring)
MPRegen 0.10/turn

%: acrobat
@: berserking, lethally poisoned (-1 -> -24), very quick
A: beak, talons 3, acrobatic
a: Evoke Invisibility


You were on level 5 of the Dungeon.
You visited 1 branch of the dungeon, and saw 5 of its levels.

You collected 168 gold pieces.

Inventory:

Hand Weapons
 a - a +0 mace
 b - a +3 vampiric short sword (weapon)
Missiles
 c - 5 poisoned darts
Armour
 d - an orb of light
 f - a +0 robe (worn)
 v - a scarf of invisibility (worn)
Jewellery
 A - a ring of flight
Wands
 t - a wand of polymorph (8)
Scrolls
 g - 5 scrolls of teleportation {unknown}
 h - 2 scrolls of vulnerability {unknown}
 i - a scroll of immolation {unknown}
 l - a scroll of enchant armour {unknown}
 n - a scroll of blinking {unknown}
 o - 7 scrolls of identify {unknown}
 q - 3 scrolls of fear {unknown}
 r - a scroll of poison {unknown}
 s - a scroll of amnesia {unknown}
 u - a scroll of silence {unknown}
 w - 2 scrolls of fog {unknown}
 y - a scroll of summoning {unknown}
 z - a scroll of acquirement {unknown}
Potions
 j - a potion of attraction {unknown}
 k - a potion of heal wounds {unknown}
 m - 5 potions of curing {unknown}
 p - a potion of lignification {unknown}
 x - a potion of enlightenment {unknown}


   Skills:
 + Level 3.0 Fighting
 + Level 7.8 Maces & Flails
 - Level 4.0 Dodging
 * Level 0.3 Summonings


You had 2 spell levels left.
You knew the following spells:

 Your Spells              Type           Power      Damage    Failure   Level
a - Call Canine Familiar  Summ           0%         N/A       71%         3

Your spell library contained the following spells:

 Spells                   Type           Power      Damage    Failure   Level
 Summon Small Mammal      Summ           0%         N/A       34%         1
 Necrotise                Necr           0%         1d4       36%         1
 Slow                     Hex            0%         N/A       36%         1
 Summon Guardian Golem    Hex/Summ       0%         N/A       73%         3
 Confusing Touch          Hex            0%         N/A       75%         3
 Gell's Gravitas          Tloc           0%         N/A       75%         3
 Sigil of Binding         Hex            0%         N/A       75%         3
 Teleport Other           Tloc           0%         N/A       75%         3
 Vampiric Draining        Necr           0%         2d6       75%         3
 Agony                    Necr           0%         N/A       100%        5
 Alistair's Intoxication  Tmut/Pois      0%         N/A       100%        5
 Borgnjor's Vile Clutch   Necr/Erth      0%         N/A       100%        5
 Dispersal                Tloc           0%         N/A       100%        6
 Eringya's Noxious Bog    Tmut/Pois      0%         4d6       100%        6


Dungeon Overview and Level Annotations

Branches:
Dungeon (5/15)
 Temple: D:4-7

Altars:
Gozag


Innate Abilities, Weirdness & Mutations

You have a beak for a mouth.
You have claws for feet.
You can magically evade attacks while moving or waiting.


Message History

The scorpion completely misses you.
You hit the scorpion but do no damage. The scorpion stings you.
You are poisoned.
The scorpion poisons you! The scorpion misses you.
You barely miss the scorpion.
You feel very sick. The scorpion misses you.
You hit the scorpion. Your peck misses the scorpion.
The scorpion is lightly wounded.
You feel very sick. The scorpion stings you.
You hit the scorpion.
The scorpion is lightly wounded.
You feel sick. The scorpion stings you.
You are more poisoned.
The scorpion poisons you!
You are too injured to fight recklessly!
You are too injured to fight recklessly!
You hit the scorpion but do no damage. Your kick misses the scorpion.
The scorpion is lightly wounded.
You feel very sick. The scorpion closely misses you.
You barely miss the scorpion. You claw the scorpion. You peck the scorpion.
The scorpion is heavily wounded.
You feel very sick. The scorpion barely misses you. The scorpion stings you.
* * * LOW HITPOINT WARNING * * *
You are more poisoned.
The scorpion poisons you!
A red film seems to cover your vision as you go berserk!
You feel yourself moving faster!
You feel mighty!
* * * LOW HITPOINT WARNING * * *
You feel very sick. The scorpion stings you.
* * * LOW HITPOINT WARNING * * *
You are more poisoned.
The scorpion poisons you!
You closely miss the scorpion. You peck the scorpion.
The scorpion is almost dead.
You die...

............#
.....)......####
................
..............$
...............
............####
......s.........
.......@....#####
................. #.⌠.⌠.
............###. ......
............#.+ ....
............#.# ...
..............# #.#+
..............# #...
..............#######...
.......................


You could see a scorpion.

Vanquished Creatures
  Grinder (D:3)
  A hound (D:4)
  Jessica (D:3)
  An orc wizard (D:4)
  2 adders
  A worm (D:3)
  5 dart slugs
  6 orcs
  6 ball pythons
  8 bats
  8 endoplasms
  4 giant cockroaches
  5 goblins
  5 hobgoblins
  7 jackals
  2 quokkas
  8 frilled lizards
  4 kobolds
  3 rats (D:2)
78 creatures vanquished.

Notes
Turn   | Place    | Note
-------+----------+-------------------------------------------
     0 | D:1      | Aneyh the Tengu Monk began the quest for the Orb.
     0 | D:1      | Reached XP level 1. HP: 14/14 MP: 2/2
   128 | D:1      | Reached XP level 2. HP: 19/19 MP: 3/3
   735 | D:1      | Reached XP level 3. HP: 23/23 MP: 4/4
   820 | D:1      | Reached skill level 4 in Maces & Flails
  1245 | D:2      | Reached XP level 4. HP: 28/28 MP: 5/5
  1559 | D:2      | Reached skill level 5 in Maces & Flails
  1909 | D:3      | Noticed Grinder
  1940 | D:3      | Killed Grinder
  1941 | D:3      | Reached skill level 7 in Maces & Flails
  1941 | D:3      | Reached XP level 5. HP: 18/32 MP: 6/6
  1941 | D:3      | Reached XP level 6. HP: 20/37 MP: 7/7
  2611 | D:3      | Noticed Jessica
  2620 | D:3      | Killed Jessica
  3091 | D:3      | HP: 1/37 [orc/+0 flail (4)]
  3835 | D:4      | Found an opulent altar of Gozag.
  3980 | D:4      | Learned a level 3 spell: Call Canine Familiar
  4433 | D:5      | Entered Level 5 of the Dungeon
  4545 | D:5      | Succumbed to a scorpion's poison

Illustrated notes

Levels and vault maps discovered:
D:1:      co_arrival_random_square_maze, layout_basic
D:2:      layout_loops_corners, st_stairs_10, minmay_misc_feat_iff
D:3:      layout_basic, kennysheep_small_spiral, minmay_puff, uniq_grinder,
          uniq_jessica
D:4:      layout_basic, grunt_gozag_breadcrumbs
D:5:      cheibrodos_barr_body, layout_basic, elyvilon_altar_5, st_stairs_14

Skill      XL: |  1  2  3  4 |
---------------+-------------+-----
Maces & Flails | 4 7 |  7.8
Dodging        | 4 |  4.0
Fighting       | |  3.0
Summonings     | |  0.3

Action                     |  1- 3 |  4- 6 || total
---------------------------+-------+-------++-------
  Melee: Mace              |    19 |       ||    19
         Kick              |    10 |    44 ||    54
         Short sword       |    38 |   134 ||   172
         Peck              |     6 |    21 ||    27
         Punch             |       |     1 ||     1
    Use: Potion            |     1 |     3 ||     4
   Stab: Sleeping          |     2 |     5 ||     7
 Armour: Robe              |    21 |    59 ||    80
  Dodge: Dodged            |    42 |   113 ||   155

Table legend: (Time is in decaauts)
 A = Elapsed time spent in this place.
 B = Non-inter-level travel time spent in this place.
 C = Inter-level travel time spent in this place.
 D = Time resting spent in this place.
 E = Time spent auto-exploring this place.
 F = Levels seen in this place.
 G = Mean time per level.
                   A        B        C        D        E       F      G
               +--------+--------+--------+--------+--------+-----+--------+
         Total |   4570 |   4394 |    176 |    863 |   2886 |   5 |  914.0 |
       Dungeon |   4570 |   4394 |    176 |    863 |   2886 |   5 |  914.0 |
               +--------+--------+--------+--------+--------+-----+--------+

Top non-repeatable levels by time:
     D:3: 1764 daAuts
     D:1: 991 daAuts
     D:2: 857 daAuts
     D:4: 845 daAuts
     D:5: 111 daAuts
